 Dungeon Crawl Stone Soup version 0.25-a0-502-g6516661a7a (webtiles) character file.

Game seed: 14449621932229693121, levelgen mode: deterministic

104 kae the Insei (level 4, 0/35 HPs)
             Began as a Demonspawn Gladiator on Feb 12, 2020.
             Hit by a stone thrown by a hobgoblin (3 damage)
             ... on level 3 of the Dungeon.
             The game lasted 00:01:03 (1913 turns).

kae the Insei (Demonspawn Gladiator)                Turns: 1913, Time: 00:01:04

Health: 0/35       AC:  4    Str: 14    XL:     4   Next: 52%
Magic:  4/4        EV: 12    Int: 10    God:
Gold:   107        SH:  0    Dex: 15    Spells: 3/3 levels left

rFire    . . .     SeeInvis .     - Unarmed
rCold    . . .     Gourm    .   (no shield)
rNeg     . . .     Faith    .   a - +0 leather armour
rPois    +         Spirit   .   b - +0 helmet
rElec    .         Reflect  .   (no cloak)
rCorr    .         Harm     .   (no gloves)
MR       .....                  (no boots)
Stlth    +.........             (no amulet)
HPRegen  0.11/turn              h - ring of poison resistance
MPRegen  0.09/turn              (no ring)

@: no status effects
A: spiny 1
a: no special abilities


You were on level 3 of the Dungeon.
You were not hungry.

You visited 1 branch of the dungeon, and saw 3 of its levels.

You collected 107 gold pieces.

Inventory:

Missiles
 c - 3 throwing nets (quivered)
Armour
 a - a +0 leather armour (worn)
 b - a +0 helmet (worn)
Jewellery
 h - a ring of poison resistance (left hand)
Scrolls
 g - a scroll of identify
 i - 2 scrolls of teleportation
Comestibles
 d - 5 rations
 f - a chunk of flesh


   Skills:
 + Level 3.1 Fighting
 - Level 1.7 Throwing
 - Level 2.6 Dodging
 * Level 4.3 Unarmed Combat


You had 3 spell levels left.
You didn't know any spells.
Your spell library was empty.

Dungeon Overview and Level Annotations

Branches:
Dungeon (3/15)

Altars:
Dithmenos
Xom


Innate Abilities, Weirdness & Mutations

You are partially covered in sharp spines.


Message History

You hit the dart slug.
The dart slug is almost dead.
The dart slug is struck by your spines.
You kill the dart slug!
You see here a dart slug corpse.
You butcher the dart slug corpse.
f - a chunk of flesh You start resting.
A hobgoblin comes into view. It is wielding a +0 club.
You start resting.
The hobgoblin is too close now for your liking.
A hobgoblin is nearby!
You start resting.
The hobgoblin is too close now for your liking.
The hobgoblin shouts!
A hobgoblin is nearby!
The hobgoblin throws a stone.
The stone hits you.
* * * LOW HITPOINT WARNING * * *
The hobgoblin throws a stone.
The stone hits you.
You die...

. .#
###########.##
##............#
##.............#
#@.....g.g..(...
#......(........
#...............
#...............
#...............
##..............
##..........#..
###.........##
#...........


You could see a hobgoblin.

Vanquished Creatures
  Robin (D:2)
  4 adders (D:2)
  2 dart slugs
  A leopard gecko (D:1)
  A ball python (D:2)
  2 giant cockroaches
  5 hobgoblins
  4 kobolds
  2 quokkas (D:2)
  7 bats
  3 frilled lizards
  14 goblins
  4 rats
50 creatures vanquished.

Notes
Turn   | Place    | Note
-------+----------+-------------------------------------------
     0 | D:1      | kae the Demonspawn Gladiator began the quest for the Orb.
     0 | D:1      | Reached XP level 1. HP: 16/16 MP: 1/1
   332 | D:1      | Reached skill level 3 in Unarmed Combat
   337 | D:1      | Gained mutation: You are partially covered in sharp spines.
                  | [demonic ancestry]
   337 | D:1      | Reached XP level 2. HP: 17/22 MP: 2/2
   891 | D:2      | Reached XP level 3. HP: 17/28 MP: 3/3
  1025 | D:2      | Found a shadowy altar of Dithmenos.
  1135 | D:2      | Found a shimmering altar of Xom.
  1409 | D:2      | Reached skill level 4 in Unarmed Combat
  1421 | D:2      | Reached XP level 4. HP: 32/34 MP: 4/4
  1531 | D:2      | Noticed Robin
  1557 | D:2      | Killed Robin
  1913 | D:3      | Hit by a stone thrown by a hobgoblin

Levels and vault maps discovered:
D:1:      matt_arrival_los_fun, layout_loops_corners
D:2:      layout_basic, nicolae_dithmenos_shadow_blocks, xom_redecorated,
          uniq_robin
D:3:      layout_rooms

Skill      XL: |  1  2  3  4 |
---------------+-------------+-----
Unarmed Combat | 3 4 |  4.3
Fighting       | 3 |  3.1
Throwing       | |  1.7
Dodging        | |  2.6

Action                   |  1- 3 |  4- 6 || total
-------------------------+-------+-------++-------
Melee: Unarmed           |   108 |    38 ||   146
       Punch             |     1 |       ||     1
  Use: Scroll            |       |     6 ||     6
       Potion            |       |     1 ||     1
 Stab: Sleeping          |     2 |     1 ||     3
  Eat: Chunk             |     1 |     2 ||     3
Armor: Leather armour    |    23 |    12 ||    35
Dodge: Dodged            |    74 |    19 ||    93

Table legend:
 A = Non-vault XP
 B = Vault XP
 C = Vault XP percentage of total XP
 D = Non-vault monster count
 E = Vault monster count
 F = Vault count percentage of total count
                 A         B        C        D         E       F
            +---------+---------+-------+---------+---------+-------
      Total |     122 |      27 |  18.1 |      43 |       7 |  14.0
            +---------+---------+-------+---------+---------+-------
        D:1 |      38 |       0 |   0.0 |      23 |       0 |   0.0
        D:2 |      78 |      27 |  25.7 |      18 |       7 |  28.0
        D:3 |       6 |       0 |   0.0 |       2 |       0 |   0.0
            +---------+---------+-------+---------+---------+-------
